 Dungeon Crawl Stone Soup version 0.30-a0-1043-g60ff8d5f49 (webtiles) character file.

Game seed: 11519147393522932843

2524 quinnr the Slicer (level 9, 0/44 HPs)
             Began as a Vine Stalker Air Elementalist on Apr 10, 2023.
             Was a Follower of Elyvilon.
             Succumbed to a hornet's poison
             ... on level 8 of the Dungeon.
             The game lasted 00:26:47 (10453 turns).

quinnr the Slicer (Vine Stalker Air Elementalist)  Turns: 10453, Time: 00:26:47

Health: 0/44       AC:  5    Str: 17    XL:     9   Next: 54%
Magic:  15/15      EV: 12    Int: 19    God:    Elyvilon [*.....]
Gold:   393        SH:  0    Dex: 15    Spells: 5/15 levels left

rFire   + . .      SeeInvis .    l - +1 quick blade
rCold   . . .      Faith    .    (no shield)
rNeg    . . .      Spirit   +    z - +0 robe {rF+}
rPois   .          Reflect  .    (no helmet)
rElec   .          Rampage  .    e - +0 cloak
rCorr   .                        y - +0 pair of gloves
Will    +....                    c - +0 pair of boots
Stlth   +                        (no amulet)
HPRegen 1.07/turn                S - +6 ring of strength
MPRegen 0.14/turn                (no ring)

@: confused, lethally poisoned (0 -> -1), ambrosia-drunk, slowed, very slow
A: fangs 3, regeneration 1, magic shield, antimagic bite, no potion heal 2
a: Renounce Religion, Purification


You were on level 8 of the Dungeon.
You worshipped Elyvilon.
Elyvilon was aware of your devotion.
You visited 2 branches of the dungeon, and saw 9 of its levels.
You also visited: Sewer.

You collected 486 gold pieces.
You spent 93 gold pieces at shops.


Innate Abilities, Weirdness & Mutations

You have razor-sharp teeth.
Your natural rate of healing is unusually fast.
When hurt, damage is shared between your health and your magic reserves.
Your bite disrupts and absorbs the magic of your enemies.
Potions cannot restore your health.


   Skills:
 + Level 3.4 Fighting
 - Level 8.0 Short Blades
 + Level 2.5 Dodging
 - Level 5.0 Stealth
 + Level 3.5 Spellcasting
 - Level 1.0 Conjurations
 - Level 7.0 Air Magic


You had 5 spell levels left.
You knew the following spells:

 Your Spells              Type           Power      Damage    Failure   Level
a - Airstrike             Air            15%        2d(3-19)  9%          4
i - Swiftness             Air            30%        N/A       2%          3
t - Static Discharge      Conj/Air       36%        2-4/arc   4%          2
z - Shock                 Conj/Air       72%        1d7       2%          1

Your spell library contained the following spells:

 Spells                   Type           Power      Damage    Failure   Level
 Slow                     Hex            12%        N/A       14%         1
 Sublimation of Blood     Necr           3%         N/A       22%         2
 Confusing Touch          Hex            3%         N/A       41%         3
 Gell's Gravitas          Tloc           3%         N/A       41%         3
 Teleport Other           Tloc           3%         N/A       41%         3
 Vampiric Draining        Necr           3%         2d6       41%         3
 Petrify                  Tmut/Erth      3%         N/A       82%         4
 Irradiate                Conj/Tmut      2%         3d12      97%         5
 Dispersal                Tloc           1%         N/A       100%        6

Inventory:

Hand Weapons
 j - a +3 vampiric dagger
 l - a +1 quick blade (weapon)
Missiles
 i - a throwing net {=f}
 p - 2 atropa-tipped darts
Armour
 a - a +0 robe
 c - a +0 pair of boots (worn)
 e - a +0 cloak (worn)
 u - an orb of energy
 y - a +0 pair of gloves (worn)
 z - a +0 robe of fire resistance (worn)
Magical Staves
 F - a staff of earth {!a}
Jewellery
 S - a +6 ring of strength (left hand)
Wands
 x - a wand of light (4)
Scrolls
 d - a scroll of fog
 f - 2 scrolls of silence {unknown}
 g - 2 scrolls of blinking
 m - 2 scrolls of summoning {unknown}
 n - a scroll of immolation
 w - 3 scrolls of teleportation {unknown}
 B - a scroll of magic mapping
 C - a scroll of torment {unknown}
 E - a scroll of enchant armour {unknown}
Potions
 b - a potion of magic
 h - a potion of haste {@q3}
 k - 2 potions of heal wounds {@q2}
 o - 4 potions of mutation
 r - a potion of ambrosia
 s - a potion of might
 t - 3 potions of cancellation
 v - 3 potions of attraction {unknown}
 A - 4 potions of brilliance
 D - a potion of curing {unknown}

Dungeon Overview and Level Annotations

Branches:
Dungeon (8/15)             Temple (1/1) D:5           Sewer (visited)
   Lair: D:8-11

Altars:
Ashenzari
Cheibriados
Dithmenos
Elyvilon
Fedhas
Gozag
Hepliaklqana
Kikubaaqudgha
Makhleb
Okawaru
Qazlal
Ru
Sif Muna
Trog
Uskayaw
Vehumet
Wu Jian
Xom
Yredelemnul
Zin
The Shining One

Shops:
D:6 (=*

Annotations:
D:3 Crazy Yiuf
D:4 2 transporters, pokeman's ghost, weakling DEHW
D:5 1 runed translucent door, PimpSugar's ghost, amateur DsHW

.....▒▒▒........▒▒..#
##. ....▒▒
▒...░....▒▒▒.# ##
..▒▒▒ ▒...▒....▒ ▒.#
# ░▒▒ ▒▒..▒▒...▒ ▒.#
# . ▒..▒▒▒░.░▒▒y# #
.. ▒▒..........# #
... ▒▒.........# #
.... ▒▒▒.......# #
▒▒░5░ ▒▒▒▒@...# # ▒
.o ▒▒▒░.░ # ▒...# #
▒.....# ▒.y....#####
▒..▒▒▒.#...## ▒...
▒.###..# ░Y. ..#
##.## .. ..#
#..#######


You could see a hornet (fleeing).


Message History

You feel very sick. The hornet stings you.
* * * LOW HITPOINT WARNING * * *
You feel as though you will be slow longer.
The hornet stings you!
* * * LOW HITPOINT WARNING * * *
You feel as though you will be slow longer.
The yak barely misses you. The hornet misses you.
Unknown command.
Unknown command.
Unknown command.
Okay, then.
Okay, then.
As you read the scroll of fear, it crumbles to dust.
You assume a fearsome visage.
The yak looks frightened!
The hornet looks frightened!
* * * LOW HITPOINT WARNING * * *
You feel very sick.
Unknown command.
Unknown command.
You are confused.
Your system rejects the healing.
You feel invigorated.
* * * LOW HITPOINT WARNING * * *
You feel sick.
Unknown command.
Unknown command.
* * * LOW HITPOINT WARNING * * *
You feel sick.
Unknown command.
You die...

Skill      XL: |  1  2  3  4  5  6  7  8  9 |
---------------+----------------------------+-----
Stealth        | 3 4 5 |  5.0
Spellcasting   | 3 |  3.5
Air Magic      | 4 5 6 7 |  7.0
Fighting       | 1 3 |  3.4
Dodging        | 2 |  2.5
Short Blades   | 2 3 7 8 |  8.0
Conjurations   | |  1.0

Action                     |  1- 3 |  4- 6 |  7- 9 || total
---------------------------+-------+-------+-------++-------
  Melee: Unarmed           |     8 |    40 |       ||    48
         Bite              |     2 |    10 |    30 ||    42
         Punch             |       |     2 |       ||     2
         Dagger            |       |    12 |       ||    12
         Quick blade       |       |       |    87 ||    87
   Cast: Shock             |    43 |    93 |   199 ||   335
         Static Discharge  |       |     2 |    25 ||    27
         Airstrike         |       |     5 |    46 ||    51
         Swiftness         |       |       |     1 ||     1
  Evoke: Wand              |       |       |     4 ||     4
    Use: Scroll            |     6 |       |    18 ||    24
         Potion            |     1 |     2 |     2 ||     5
   Stab: Sleeping          |       |       |     3 ||     3
 Armour: Robe              |       |     6 |    17 ||    23
  Dodge: Dodged            |     3 |    32 |    46 ||    81

Levels and vault maps discovered:
D:1:      tarquinn_simple_flora_water_e, layout_rooms
D:2:      layout_basic
D:3:      layout_basic, lightli_temple_of_fire, mainiacjoe_overflow_24_doors,
          serial_bayou, serial_bayou_shore_b, serial_bayou_shore_a,
          serial_bayou_shore_b, serial_bayou_shore_b, uniq_terence,
          uniq_natasha, uniq_jessica, uniq_crazy_yiuf_cottage
D:4:      layout_basic, grunt_temple_overflow_order_and_chaos_2,
          gammafunk_ghost_mausoleum, patterned_corridor
D:5:      layout_loops_corners, lemuel_tele_altar, minmay_temple_entry_glass,
          gup_sewer_entry_bubbles, ebering_ghost_inner_flame,
          minmay_misc_feat_room, uniq_duvessa
D:6:      layout_rooms, dancing_weapons_uskayaw, nicolae_wooded_promenade,
          lemuel_flamethrower_2
D:7:      layout_basic, mainiacjoe_overflow_surrounded_room
D:8:      minmay_recursive_quarters, layout_layer_cave, lemuel_doored_altar
Temple:   cyrus_circular_temple

Notes
Turn   | Place    | Note
-------+----------+-------------------------------------------
     0 | D:1      | quinnr the Vine Stalker Air Elementalist began the quest
                  | for the Orb.
     0 | D:1      | Reached XP level 1. HP: 9/9 MP: 4/4
   273 | D:1      | Reached XP level 2. HP: 13/13 MP: 1/6
   386 | D:1      | Reached skill level 3 in Stealth
  1382 | D:2      | Reached XP level 3. HP: 16/16 MP: 5/8
  1481 | D:3      | Noticed Jessica
  1507 | D:3      | Noticed a phantom
  1560 | D:2      | Killed a phantom
  1561 | D:2      | Reached skill level 4 in Stealth
  1561 | D:2      | Reached skill level 3 in Spellcasting
  1561 | D:2      | Reached skill level 4 in Air Magic
  1561 | D:2      | Gained mutation: Your natural rate of healing is unusually
                  | fast. [Vine Stalker growth]
  1561 | D:2      | Reached XP level 4. HP: 11/21 MP: 2/9
  1624 | D:3      | Noticed Terence
  1647 | D:2      | HP: 2/21 [Terence/+0 mace (7)]
  1661 | D:2      | Killed Terence
  1662 | D:2      | Reached XP level 5. HP: 9/24 MP: 0/10
  1794 | D:3      | Reached skill level 5 in Stealth
  1976 | D:2      | Learned a level 4 spell: Airstrike
  1979 | D:2      | Learned a level 2 spell: Static Discharge
  2142 | D:3      | Killed Jessica
  2143 | D:3      | Reached skill level 1 in Fighting
  2143 | D:3      | Reached skill level 2 in Dodging
  2233 | D:3      | Found a bloodstained altar of Trog.
  2311 | D:3      | Noticed Natasha
  2316 | D:3      | Killed Natasha
  2317 | D:3      | Reached XP level 6. HP: 30/30 MP: 6/11
  2640 | D:3      | Found an ornate altar of the Wu Jian Council.
  2745 | D:3      | Found a runed translucent door.
  2746 | D:3      | Noticed Crazy Yiuf
  2877 | D:3      | Noticed Natasha
  2883 | D:3      | Killed Natasha
  2884 | D:3      | Reached skill level 1 in Short Blades
  2946 | D:3      | Noticed Natasha
  2957 | D:3      | Killed Natasha
  3620 | D:4      | Reached skill level 5 in Air Magic
  3764 | D:4      | Noticed an ice beast
  3772 | D:4      | Killed an ice beast
  3773 | D:4      | Reached skill level 2 in Short Blades
  3824 | D:4      | Reached XP level 7. HP: 33/33 MP: 5/12
  4388 | D:4      | Found a burning altar of Makhleb.
  4388 | D:4      | Found a glowing silver altar of Zin.
  4389 | D:4      | Noticed an angel
  4389 | D:4      | Noticed a balrug
  4531 | D:4      | Found a transporter.
  4536 | D:4      | Noticed pokeman's ghost (weakling DEHW)
  4537 | D:4      | Found a transporter.
  4677 | D:5      | Entered Level 5 of the Dungeon
  4689 | D:5      | Found a staircase to the Ecumenical Temple.
  4706 | D:5      | Reached skill level 6 in Air Magic
  4833 | D:5      | Reached skill level 3 in Short Blades
  4912 | D:5      | Noticed Duvessa
  4947 | D:5      | Found a runed translucent door.
  4953 | D:5      | Noticed a steam dragon
  4954 | D:5      | Noticed PimpSugar's ghost (amateur DsHW)
  4985 | D:5      | Found a glowing drain.
  4999 | Sewer    | Entered a sewer
  5342 | Sewer    | Learned a level 3 spell: Swiftness
  5673 | Sewer    | Gained mutation: You have razor-sharp teeth. [Vine Stalker
                  | growth]
  5673 | Sewer    | Reached XP level 8. HP: 27/37 MP: 0/13
  5963 | D:5      | Found a hazy altar of Hepliaklqana.
  6192 | D:6      | Reached skill level 4 in Short Blades
  6192 | D:6      | Reached skill level 7 in Air Magic
  6449 | D:6      | Reached skill level 5 in Short Blades
  6914 | D:6      | Found a hide-covered altar of Uskayaw.
  6917 | D:6      | Noticed a +0 dagger
  6917 | D:6      | Noticed a +0 dagger
  6960 | D:6      | Found Fylaupri's Weapon Emporium.
  7145 | D:6      | Reached skill level 6 in Short Blades
  7237 | D:6      | Found Qimnih's General Store.
  7238 | D:6      | Found Ronu's Jewellery Emporium.
  7416 | D:6      | Bought a scroll of fear for 44 gold pieces
  7416 | D:6      | Bought a +0 pair of gloves for 49 gold pieces
  7711 | Temple   | Entered the Ecumenical Temple
  7818 | Temple   | Became a worshipper of Elyvilon the Healer
  8014 | D:5      | Reached skill level 7 in Short Blades
  8014 | D:5      | Reached XP level 9. HP: 41/41 MP: 8/14
  8491 | D:5      | Noticed Dowan
  8510 | D:5      | Killed Dowan
  8869 | D:5      | Killed Duvessa
  9113 | D:7      | Reached skill level 8 in Short Blades
  9309 | D:7      | Found an iron altar of Okawaru.
  9341 | D:7      | Reached skill level 2 in Fighting
  9719 | D:8      | Found a basalt altar of Yredelemnul.
  9841 | D:8      | Reached * piety under Elyvilon
  9909 | D:8      | Reached skill level 3 in Fighting
 10440 | D:8      | Noticed a hornet
 10449 | D:8      | HP: 4/44 [hornet (8)]
 10450 | D:8      | HP: 1/44 [poisoned by a hornet]
 10453 | D:8      | Succumbed to a hornet's poison

Vanquished Creatures
  Duvessa (D:5)
  An ice beast (D:4)
  3 centaurs
  2 ogres
  2 phantoms
  A kobold brigand (D:8)
  3 bullfrogs
  A scorpion (D:5)
  Dowan (D:5)
  5 killer bees (D:8)
  An electric eel (D:6)
  3 howler monkeys (D:8)
  A jelly (D:5)
  6 hounds
  6 orc priests
  Terence (D:2)
  Jessica (D:3)
  3 iguanas
  Natasha (thrice) (D:3)
  8 orc wizards
  3 gnolls (D:4)
  6 adders
  A white imp (D:6)
  3 worms (D:5)
  31 orcs
  A bat (D:1)
  18 endoplasms
  10 giant cockroaches
  5 hobgoblins
  10 quokkas
  10 ball pythons
  9 frilled lizards
  4 goblins
  9 kobolds
  6 rats
179 creatures vanquished.

Vanquished Creatures (others)
  A hound (D:6)
  2 orcs (D:6)
  2 plants (D:3)
5 creatures vanquished.

Grand Total: 184 creatures vanquished

Table legend: (Time is in decaauts)
 A = Elapsed time spent in this place.
 B = Non-inter-level travel time spent in this place.
 C = Inter-level travel time spent in this place.
 D = Time resting spent in this place.
 E = Time spent auto-exploring this place.
 F = Levels seen in this place.
 G = Mean time per level.
                   A        B        C        D        E       F      G
               +--------+--------+--------+--------+--------+-----+--------+
         Total |  10537 |  10013 |    524 |   1129 |   7231 |  10 | 1053.7 |
       Dungeon |   9547 |   9036 |    511 |   1066 |   6486 |   8 | 1193.4 |
        Temple |    120 |    107 |     13 |      0 |     93 |   1 |  120.0 |
         Sewer |    869 |    869 |      0 |     63 |    651 |   1 |  869.0 |
               +--------+--------+--------+--------+--------+-----+--------+

Top non-repeatable levels by time:
     D:5: 1767 daAuts
     D:6: 1576 daAuts
     D:2: 1478 daAuts
     D:4: 1446 daAuts
     D:3: 1298 daAuts
   Sewer: 869 daAuts
     D:8: 763 daAuts
     D:1: 703 daAuts
     D:7: 514 daAuts
  Temple: 120 daAuts

Table legend:
 A = Non-vault XP
 B = Vault XP
 C = Vault XP percentage of total XP
 D = Non-vault monster count
 E = Vault monster count
 F = Vault count percentage of total count
                 A         B        C        D         E       F
            +---------+---------+-------+---------+---------+-------
      Total |    2999 |     607 |  16.8 |     132 |      47 |  26.3
            +---------+---------+-------+---------+---------+-------
        D:1 |      23 |       0 |   0.0 |      16 |       0 |   0.0
        D:2 |     154 |      38 |  19.8 |      12 |       1 |   7.7
        D:3 |     141 |      72 |  33.8 |      12 |       2 |  14.3
        D:4 |     254 |       0 |   0.0 |      21 |       0 |   0.0
        D:5 |     756 |     235 |  23.7 |      27 |       8 |  22.9
        D:6 |     723 |       0 |   0.0 |      22 |       0 |   0.0
        D:7 |     269 |       0 |   0.0 |       6 |       0 |   0.0
        D:8 |     679 |       0 |   0.0 |      16 |       0 |   0.0
      Sewer |       0 |     262 | 100.0 |       0 |      36 | 100.0
            +---------+---------+-------+---------+---------+-------
